AoeStats
← edgewize

Arabia

509377736Analyzed
1v1 RM · 5d ago on Sep 26, 2026· 38m 37s· 2 players
Game mode
Random Map
Map size
Tiny (2 player)
Population
200
Speed
Normal
Resources
Standard
Victory
Conquest
Starting age
Dark Age
Ending age
Imperial Age
RankedLock teamsTeams togetherTeam positionsShared explorationLock speedFull tech treeHidden civsTurbo modeCheats
Victory
Defeat
🇺🇸 Vietnamese · United States
615
+14
🇬🇷 Persians · Greece
563
-14
edgewize
4:42 Loom
12:00 Feudal Age
17:03 Castle Age
15:18 Double-Bit Axe
16:05 Horse Collar
18:26 Heavy Plow
19:14 Fletching
21:39 Wheelbarrow
21:29 Crossbowman
25:55 Hand Cart
30:04 Thumb Ring
29:51 Pikeman
34:49 Imperial Age
36:32 Paper Money
36:32 Arson
miltiadeeznuts
7:07 Loom
10:22 Feudal Age
11:45 Wheelbarrow
10:59 Double-Bit Axe
11:00 Horse Collar
14:52 Town Watch
21:23 Castle Age
20:45 Bloodlines
22:09 Hand Cart
22:14 Husbandry
26:12 Town Patrol
31:30 Stone Mining
31:33 Gold Mining
31:23 Man-at-Arms
32:18 Long Swordsman
37:34 Stone Shaft Mining
37:36 Gold Shaft Mining
Connection lost

Rejoining the realm…

Still unreachable

The connection could not be restored.

Session expired

The server has moved on; the page needs a fresh start.